 Dungeon Sprint DCSS version 0.26-a0-752-gcff87cac9a (webtiles) character file.

Game seed: 5788198713059033519

27223 sahdkjhfkaj the Nimble (level 13, 0/111 HPs)
             Began as a Gnoll Gladiator on Nov 6, 2020.
             Was a High Priest of Cheibriados.
             Slain by a naga warrior
             ... wielding a +0 glaive
              (22 damage)
             ... in the Dungeon (Sprint IX: "|||||||||||||||||||||||||||||").
             The game lasted 00:05:39 (3826 turns).

sahdkjhfkaj the Nimble (Gnoll Gladiator)            Turns: 3826, Time: 00:05:39

Health: 0/111      AC: 15    Str: 34    XL:     13   Next: 31%
Magic:  1/29       EV: 27    Int: 24    God:    Cheibriados [*****.]
Gold:   1928       SH:  0    Dex: 30    Spells: 37/37 levels left

rFire    + . .     SeeInvis .   n - +2 scimitar (vorpal)
rCold    . . .     Faith    .   (no shield)
rNeg     . . .     Spirit   .   p - +2 ring mail
rPois    +         Reflect  .   v - +1 hat
rElec    .         Harm     .   (no cloak)
rCorr    .         Rampage  .   b - +1 pair of gloves
MR       .....     NoTele   +   a - +0 pair of boots
Stlth    ++++++....             (no amulet)
HPRegen  0.28/turn              c - ring of poison resistance
MPRegen  0.21/turn              w - ring of protection from fire

@: lethally poisoned (0 -> 0), very slow
A: distributed training, fangs 1, strong nose
a: Bend Time, Temporal Distortion, Slouch, Step From Time, Renounce Religion


You were in the Dungeon.
You worshipped Cheibriados.
Cheibriados was extremely pleased with you.
You visited 1 branch You collected 1928 gold pieces.

Inventory:

Hand Weapons
 n - a +2 vorpal scimitar (weapon)
Missiles
 d - 2 throwing nets (quivered) {!f}
Armour
 a - a +0 pair of boots (worn)
 b - a +1 pair of gloves (worn)
 p - a +2 ring mail (worn)
 v - a +1 hat (worn)
Jewellery
 c - a ring of poison resistance (left hand)
 w - a ring of protection from fire (right hand)
Wands
 m - a wand of iceblast (5)
Scrolls
 j - 2 scrolls of blinking {!r}
 k - 8 scrolls of remove curse {!r}
 l - 2 scrolls of amnesia {!r}
 q - a scroll of fog {!r}
 s - 2 scrolls of identify {!r}
 t - 6 scrolls of enchant weapon {!r}
 u - 2 scrolls of enchant armour {!r}
Potions
 e - a potion of invisibility {!q}
 f - 2 potions of heal wounds {!q}
 g - 3 potions of haste {!q}
 h - 4 potions of magic {!q}
 i - 6 potions of curing {!q}
 o - a potion of mutation {!q}
 r - 2 potions of resistance {!q}


   Skills:
 + Level 13.4 Fighting
 + Level 12.8 Short Blades
 + Level 14.0 Long Blades
 + Level 12.8 Axes
 + Level 12.8 Maces & Flails
 + Level 12.8 Polearms
 + Level 12.8 Staves
 + Level 12.8 Slings
 + Level 12.8 Bows
 + Level 12.8 Crossbows
 + Level 13.4 Throwing
 + Level 12.8 Armour
 + Level 14.0 Dodging
 + Level 12.8 Stealth
 + Level 12.8 Shields
 + Level 12.8 Unarmed Combat
 + Level 12.8 Spellcasting
 + Level 11.0 Conjurations
 + Level 11.0 Hexes
 + Level 11.0 Summonings
 + Level 11.0 Necromancy
 + Level 11.0 Translocations
 + Level 11.0 Transmutations
 + Level 11.0 Fire Magic
 + Level 11.0 Ice Magic
 + Level 11.0 Air Magic
 + Level 11.0 Earth Magic
 + Level 11.0 Poison Magic
 + Level 13.8 Invocations
 + Level 12.8 Evocations


You had 37 spell levels left.
You didn't know any spells.
Your spell library was empty.

Dungeon Overview and Level Annotations

Branches:
Dungeon (1/1)

Altars:
Cheibriados
Dithmenos
Elyvilon
Fedhas
Gozag
Hepliaklqana
Kikubaaqudgha
Makhleb
Nemelex Xobeh
Okawaru
Qazlal
Ru
Sif Muna
Trog
Uskayaw
Vehumet
Wu Jian
Xom
Yredelemnul
Zin
The Shining One
Beogh
Jiyva
Lugonu

Shops:
D (*?*


Innate Abilities, Weirdness & Mutations

Your experience applies equally to all skills.
You have very sharp teeth.
Your uncanny sense of smell can sniff out nearby items.


Message History

* * * LOW HITPOINT WARNING * * *
* * * LOW HITPOINT WARNING * * *
The naga warrior constricts you.
Unknown command.
You step out of the flow of time.
You return to the normal time flow.
Cheibriados lowers the support of your attributes as your movement quickens.
Unknown command.
Unknown command.
Unknown command.
Unknown command.
You strike the helpless naga warrior from behind!
You hit the naga warrior.
The naga warrior is lightly wounded.
You feel sick.
Unknown command.
The naga mage shouts!
You open the naga warrior like a pillowcase!!!
The naga warrior is heavily wounded.
The naga warrior hits you with a +0 glaive!!
You die...

▓.▓.▓)▓.▓)▓.▓.▓.▓_
▓.▓.▓)▓.▓)▓.▓.▓.▓_
▓.▓(▓)▓.▓)▓.▓.▓.▓_
▓.▓.▓)▓.▓)▓.▓'▓.▓_
▓.▓.▓)▓.▓.▓.▓†▓.▓_
▓.▓.▓.▓.▓)▓)▓.▓.▓_
▓.▓.▓[▓.▓.▓.▓÷▓.▓_
▓N▓.▓[▓.▓.▓.▓÷▓.▓_
▓@▓.▓[▓.▓.▓.▓÷▓.▓_
▓.▓.▓[▓.▓)▓.▓.▓.▓_
▓)▓.▓[▓.▓)▓.▓.▓.▓_
▓.▓.▓[▓.▓)▓.▓.▓.▓_
▓.▓.▓[▓.▓)▓.▓.▓.▓_
▓)▓.▓[▓.▓)▓.▓'▓.▓_
▓N▓.▓.▓.▓)▓.▓†▓.▓_
▓.▓.▓.▓.▓)▓.▓.▓.▓_
▓.▓.▓.▓÷▓.▓÷▓.▓_


You could see a naga warrior and a naga mage.

Vanquished Creatures
  Gastronok (D)
  A ghost moth (D)
  A stone giant (D)
  Snorg (D)
  A spark wasp (D)
  A fire dragon (D)
  Josephine (D)
  A hydra (D)
  A boulder beetle (D)
  A centaur warrior (D)
  A tengu warrior (D)
  Urug (D)
  An orc high priest (D)
  2 skeletal warriors (D)
  2 lindwurms (D)
  An orc knight (D)
  A necromancer (D)
  A mana viper (D)
  6 orc sorcerers (D)
  A wolf spider (D)
  A slime creature (D)
  An ugly thing (D)
  3 naga magi (D)
  2 black mambas (D)
  5 cane toads (D)
  A gargoyle (D)
  A freezing wraith (D)
  A demonic crawler (D)
  2 komodo dragons (D)
  A jumping spider (D)
  3 tyrant leeches (D)
  A hornet (D)
  A redback (D)
  A redback (shapeshifter) (D)
  A vampire (D)
  2 tarantellas (D)
  4 yaks (D)
  3 wraiths (D)
  A wyvern (D)
  Grum (D)
  A naga (D)
  2 water moccasins (D)
  9 orc warriors (D)
  A sky beast (D)
  2 wolves (D)
  A centaur (D)
  6 bullfrogs (D)
  2 orc priests (D)
  A hound (D)
  11 orc wizards (D)
  4 worker ants (D)
  A white imp (D)
  An ooze (D)
  3 worms (D)
  10 orcs (D)
  A giant cockroach (D)
  2 goblins (D)
  A jackal (D)
  A kobold (D)
  A bat (D)
124 creatures vanquished.

Vanquished Creatures (others)
  A tengu conjurer (D)
1 creature vanquished.

Grand Total: 125 creatures vanquished

Notes
Turn   | Place    | Note
-------+----------+-------------------------------------------
     0 | D        | sahdkjhfkaj the Gnoll Gladiator began the quest for the
                  | Orb.
     0 | D        | Reached XP level 1. HP: 20/20 MP: 1/1
    10 | D        | Reached skill level 1 in Invocations
    11 | D        | Reached skill level 1 in Short Blades
    11 | D        | Reached skill level 1 in Axes
    11 | D        | Reached skill level 1 in Maces & Flails
    11 | D        | Reached skill level 1 in Polearms
    11 | D        | Reached skill level 1 in Staves
    11 | D        | Reached skill level 1 in Slings
    11 | D        | Reached skill level 1 in Bows
    11 | D        | Reached skill level 1 in Crossbows
    11 | D        | Reached skill level 1 in Armour
    11 | D        | Reached skill level 1 in Stealth
    11 | D        | Reached skill level 1 in Shields
    11 | D        | Reached skill level 1 in Unarmed Combat
    11 | D        | Reached skill level 1 in Spellcasting
    11 | D        | Reached skill level 1 in Evocations
   127 | D        | Noticed a worker ant
   127 | D        | Noticed a worker ant
   131 | D        | Reached skill level 1 in Conjurations
   131 | D        | Reached skill level 1 in Hexes
   131 | D        | Reached skill level 1 in Summonings
   131 | D        | Reached skill level 1 in Necromancy
   131 | D        | Reached skill level 1 in Translocations
   131 | D        | Reached skill level 1 in Transmutations
   131 | D        | Reached skill level 1 in Fire Magic
   131 | D        | Reached skill level 1 in Ice Magic
   131 | D        | Reached skill level 1 in Air Magic
   131 | D        | Reached skill level 1 in Earth Magic
   131 | D        | Reached skill level 1 in Poison Magic
   131 | D        | Reached XP level 2. HP: 25/26 MP: 3/3
   140 | D        | Reached skill level 5 in Fighting
   140 | D        | Reached skill level 5 in Throwing
   140 | D        | Reached XP level 3. HP: 18/33 MP: 3/6
   142 | D        | Reached XP level 4. HP: 16/39 MP: 3/7
   185 | D        | Found a roughly hewn altar of Beogh.
   185 | D        | Found a snail-covered altar of Cheibriados.
   185 | D        | Found a shadowy altar of Dithmenos.
   185 | D        | Found a white marble altar of Elyvilon.
   185 | D        | Found a blossoming altar of Fedhas.
   185 | D        | Found an opulent altar of Gozag.
   267 | D        | Found a hazy altar of Hepliaklqana.
   346 | D        | Found a viscous altar of Jiyva.
   347 | D        | Found an ancient bone altar of Kikubaaqudgha.
   348 | D        | Found a corrupted altar of Lugonu.
   349 | D        | Found a burning altar of Makhleb.
   350 | D        | Found a sparkling altar of Nemelex Xobeh.
   351 | D        | Found an iron altar of Okawaru.
   352 | D        | Found a stormy altar of Qazlal.
   353 | D        | Found a sacrificial altar of Ru.
   354 | D        | Found a shimmering blue altar of Sif Muna.
   362 | D        | Became a worshipper of Cheibriados the Contemplative
   370 | D        | Found a bloodstained altar of Trog.
   371 | D        | Found a hide-covered altar of Uskayaw.
   372 | D        | Found a radiant altar of Vehumet.
   373 | D        | Found an ornate altar of the Wu Jian Council.
   374 | D        | Found a shimmering altar of Xom.
   375 | D        | Found a basalt altar of Yredelemnul.
   376 | D        | Found a glowing silver altar of Zin.
   377 | D        | Found a glowing golden altar of the Shining One.
   427 | D        | Noticed a bullfrog
   427 | D        | Noticed a centaur
   432 | D        | Reached * piety under Cheibriados
   432 | D        | Reached XP level 5. HP: 45/45 MP: 7/9
   435 | D        | Reached ** piety under Cheibriados
   440 | D        | Killed a centaur
   440 | D        | Reached *** piety under Cheibriados
   440 | D        | Reached XP level 6. HP: 46/53 MP: 8/12
   447 | D        | Reached skill level 5 in Invocations
   520 | D        | Noticed a red ugly thing
   520 | D        | Noticed a vampire
   520 | D        | Noticed a skeletal warrior
   520 | D        | Noticed a boulder beetle
   527 | D        | Killed a red ugly thing
   527 | D        | Reached skill level 5 in Short Blades
   527 | D        | Reached skill level 5 in Axes
   527 | D        | Reached skill level 5 in Maces & Flails
   527 | D        | Reached skill level 5 in Polearms
   527 | D        | Reached skill level 5 in Staves
   527 | D        | Reached skill level 5 in Slings
   527 | D        | Reached skill level 5 in Bows
   527 | D        | Reached skill level 5 in Crossbows
   527 | D        | Reached skill level 5 in Armour
   527 | D        | Reached skill level 5 in Stealth
   527 | D        | Reached skill level 5 in Shields
   527 | D        | Reached skill level 5 in Unarmed Combat
   527 | D        | Reached skill level 5 in Spellcasting
   527 | D        | Reached skill level 5 in Evocations
   527 | D        | Reached XP level 7. HP: 39/60 MP: 12/15
   538 | D        | Killed a vampire
   538 | D        | Reached **** piety under Cheibriados
   538 | D        | Reached skill level 5 in Conjurations
   538 | D        | Reached skill level 5 in Hexes
   538 | D        | Reached skill level 5 in Summonings
   538 | D        | Reached skill level 5 in Necromancy
   538 | D        | Reached skill level 5 in Translocations
   538 | D        | Reached skill level 5 in Transmutations
   538 | D        | Reached skill level 5 in Fire Magic
   538 | D        | Reached skill level 5 in Ice Magic
   538 | D        | Reached skill level 5 in Air Magic
   538 | D        | Reached skill level 5 in Earth Magic
   538 | D        | Reached skill level 5 in Poison Magic
   540 | D        | Reached XP level 8. HP: 22/68 MP: 13/17
   540 | D        | Reached ***** piety under Cheibriados
   548 | D        | Killed a boulder beetle
   549 | D        | Killed a skeletal warrior
   549 | D        | Reached skill level 10 in Long Blades
   549 | D        | Reached skill level 10 in Dodging
   549 | D        | Reached XP level 9. HP: 33/75 MP: 5/20
   862 | D        | Noticed a cane toad
   862 | D        | Noticed an eight-headed hydra
   862 | D        | Noticed a cane toad
   864 | D        | Noticed a cane toad
   866 | D        | Killed a cane toad
   866 | D        | Killed a cane toad
   866 | D        | Killed a cane toad
   866 | D        | Reached XP level 10. HP: 70/83 MP: 15/22
   868 | D        | Killed an eight-headed hydra
   997 | D        | Noticed a black mamba
   998 | D        | Noticed a cane toad
   999 | D        | Reached skill level 10 in Fighting
   999 | D        | Reached skill level 10 in Throwing
   999 | D        | Killed a black mamba
  1000 | D        | Reached ****** piety under Cheibriados
  1000 | D        | Reached skill level 10 in Invocations
  1000 | D        | Killed a cane toad
  1000 | D        | Noticed a cane toad
  1062 | D        | Killed a cane toad
  1228 | D        | Noticed a lindwurm
  1232 | D        | Killed a lindwurm
  1235 | D        | Noticed a lindwurm
  1244 | D        | Reached XP level 11. HP: 66/92 MP: 5/24
  1252 | D        | Killed a lindwurm
  1422 | D        | Noticed Josephine
  1441 | D        | Killed Josephine
  1441 | D        | Reached skill level 10 in Short Blades
  1441 | D        | Reached skill level 10 in Axes
  1441 | D        | Reached skill level 10 in Maces & Flails
  1441 | D        | Reached skill level 10 in Polearms
  1441 | D        | Reached skill level 10 in Staves
  1441 | D        | Reached skill level 10 in Slings
  1441 | D        | Reached skill level 10 in Bows
  1441 | D        | Reached skill level 10 in Crossbows
  1441 | D        | Reached skill level 10 in Armour
  1441 | D        | Reached skill level 10 in Stealth
  1441 | D        | Reached skill level 10 in Shields
  1441 | D        | Reached skill level 10 in Unarmed Combat
  1441 | D        | Reached skill level 10 in Spellcasting
  1441 | D        | Reached skill level 10 in Evocations
  1590 | D        | Noticed Gastronok
  1596 | D        | Noticed Grum
  1954 | D        | Killed Gastronok
  2111 | D        | Killed Grum
  2148 | D        | Noticed an orc high priest
  2154 | D        | Killed an orc high priest
  2228 | D        | Noticed an orc knight
  2238 | D        | Killed an orc knight
  2347 | D        | Found Virorug's Weapon Emporium.
  2347 | D        | Noticed an orc sorcerer
  2349 | D        | Noticed an orc sorcerer
  2350 | D        | Killed an orc sorcerer
  2350 | D        | Reached XP level 12. HP: 102/102 MP: 20/27
  2351 | D        | Found Liolodem's Assorted Antiques.
  2353 | D        | Found Micso's Magic Scroll Emporium.
  2355 | D        | Found Anaxeipn's General Store.
  2360 | D        | Paralysed by an orc sorcerer for 3 turns
  2681 | D        | Noticed a centaur warrior
  2683 | D        | Killed a centaur warrior
  2737 | D        | Noticed a fire dragon
  2738 | D        | Noticed a tengu warrior
  2744 | D        | Killed a tengu warrior
  2744 | D        | Reached skill level 10 in Conjurations
  2744 | D        | Reached skill level 10 in Hexes
  2744 | D        | Reached skill level 10 in Summonings
  2744 | D        | Reached skill level 10 in Necromancy
  2744 | D        | Reached skill level 10 in Translocations
  2744 | D        | Reached skill level 10 in Transmutations
  2744 | D        | Reached skill level 10 in Fire Magic
  2744 | D        | Reached skill level 10 in Ice Magic
  2744 | D        | Reached skill level 10 in Air Magic
  2744 | D        | Reached skill level 10 in Earth Magic
  2744 | D        | Reached skill level 10 in Poison Magic
  2747 | D        | Killed a fire dragon
  2751 | D        | Noticed a stone giant
  2762 | D        | Killed a stone giant
  3160 | D        | Noticed Snorg
  3170 | D        | Killed Snorg
  3194 | D        | Noticed Urug
  3204 | D        | Killed Urug
  3327 | D        | Reached XP level 13. HP: 108/111 MP: 16/29
  3332 | D        | Killed a ghost moth
  3342 | D        | Noticed a spark wasp
  3736 | D        | Killed a spark wasp
  3826 | D        | Slain by a naga warrior

Illustrated notes

Levels and vault maps discovered:
D:        linesprint [early_d, line_temple, items_1, d_10, items_2, lair_1,
          lair_end, items_3, orc_1, orc_end, items_4, d_15, swamp_1, shoals_1,
          snake_1, spider_1, d_20, vaults_1, items_5, swamp_end, shoals_end,
          snake_end, spider_end, vaults_end, d_27, items_6, zot_1, zot_end,
          crypt_end, forest_end, elf_end, slime_end, tomb_end, abyss_end,
          pan_hell_end]

Skill      XL: |  1  2  3  4  5  6  7  8  9 10 11 12 13 |
---------------+----------------------------------------+-----
Invocations    | 1 2 3 4 6 8 9 10 11 13 | 13.8
Short Blades   | 1 2 3 4 5 6 7 8 9 11 12 | 12.8
Axes           | 1 2 3 4 5 6 7 8 9 11 12 | 12.8
Maces & Flails | 1 2 3 4 5 6 7 8 9 11 12 | 12.8
Polearms       | 1 2 3 4 5 6 7 8 9 11 12 | 12.8
Staves         | 1 2 3 4 5 6 7 8 9 11 12 | 12.8
Slings         | 1 2 3 4 5 6 7 8 9 11 12 | 12.8
Bows           | 1 2 3 4 5 6 7 8 9 11 12 | 12.8
Crossbows      | 1 2 3 4 5 6 7 8 9 11 12 | 12.8
Armour         | 1 2 3 4 5 6 7 8 9 11 12 | 12.8
Stealth        | 1 2 3 4 5 6 7 8 9 11 12 | 12.8
Shields        | 1 2 3 4 5 6 7 8 9 11 12 | 12.8
Unarmed Combat | 1 2 3 4 5 6 7 8 9 11 12 | 12.8
Spellcasting   | 1 2 3 4 5 6 7 8 9 11 12 | 12.8
Evocations     | 1 2 3 4 5 6 7 8 9 11 12 | 12.8
Conjurations   | 1 2 3 4 5 6 8 9 10 11 | 11.0
Hexes          | 1 2 3 4 5 6 8 9 10 11 | 11.0
Summonings     | 1 2 3 4 5 6 8 9 10 11 | 11.0
Necromancy     | 1 2 3 4 5 6 8 9 10 11 | 11.0
Translocations | 1 2 3 4 5 6 8 9 10 11 | 11.0
Transmutations | 1 2 3 4 5 6 8 9 10 11 | 11.0
Fire Magic     | 1 2 3 4 5 6 8 9 10 11 | 11.0
Ice Magic      | 1 2 3 4 5 6 8 9 10 11 | 11.0
Air Magic      | 1 2 3 4 5 6 8 9 10 11 | 11.0
Earth Magic    | 1 2 3 4 5 6 8 9 10 11 | 11.0
Poison Magic   | 1 2 3 4 5 6 8 9 10 11 | 11.0
Fighting       | 5 6 7 8 9 10 11 13 | 13.4
Throwing       | 5 6 7 8 9 10 11 13 | 13.4
Long Blades    | 7 8 9 10 11 12 13 14 | 14.0
Dodging        | 7 8 9 10 11 12 13 14 | 14.0

Action                   |  1- 3 |  4- 6 |  7- 9 | 10-12 | 13-15 || total
-------------------------+-------+-------+-------+-------+-------++-------
Melee: Long sword        |    18 |     1 |       |       |       ||    19
       Bite              |     2 |     8 |     4 |    24 |     4 ||    42
       Scimitar          |       |    21 |    12 |   101 |    22 ||   156
       Punch             |       |     2 |     3 |     7 |     3 ||    15
Throw: Throwing net      |       |       |     1 |       |       ||     1
Invok: Slouch            |       |       |     3 |    38 |     7 ||    48
       Step From Time    |       |       |       |     1 |     1 ||     2
Evoke: Wand              |       |     1 |     2 |     2 |       ||     5
  Use: Potion            |     2 |       |     2 |     1 |       ||     5
 Stab: Sleeping          |       |       |       |     3 |       ||     3
       Confused          |       |       |       |     2 |       ||     2
       Distracted        |       |       |       |       |     1 ||     1
Armor: Leather armour    |     1 |       |       |       |       ||     1
       Ring mail         |       |     3 |     3 |    14 |     2 ||    22
Dodge: Dodged            |     7 |    19 |    14 |   102 |    26 ||   168
       Rpst.: Scimitar   |       |     6 |     1 |    24 |     4 ||    35

Table legend: (Time is in decaauts)
 A = Elapsed time spent in this place.
 B = Non-inter-level travel time spent in this place.
 C = Inter-level travel time spent in this place.
 D = Time resting spent in this place.
 E = Time spent auto-exploring this place.
 F = Levels seen in this place.
 G = Mean time per level.
                   A        B        C        D        E       F      G
               +--------+--------+--------+--------+--------+-----+--------+
         Total |   4525 |   4525 |      0 |   2561 |    990 |   1 | 4525.0 |
       Dungeon |   4525 |   4525 |      0 |   2561 |    990 |   1 | 4525.0 |
               +--------+--------+--------+--------+--------+-----+--------+

Top non-repeatable levels by time:
       D: 4525 daAuts
